 Dungeon Crawl Stone Soup version 0.30.1-11-g7821555f0a (webtiles) character file.

Game seed: 2255249914972489200

631 rumournova the Basher (level 7, -1/51 HPs)
             Began as a Gnoll Wanderer on Nov 18, 2023.
             Was a Believer of Jiyva.
             Slain by an orc
             ... wielding a +0 hand axe
              (3 damage)
             ... on level 5 of the Dungeon.
             The game lasted 00:21:26 (3536 turns).

rumournova the Basher (Gnoll Wanderer)              Turns: 3536, Time: 00:21:27

Health: -1/51      AC: 13    Str: 17    XL:     7   Next: 48%
Magic:  12/12      EV: 11    Int:  8    God:    Jiyva [**....]
Gold:   37         SH:  0    Dex: 12    Spells: 12/13 levels left

rFire   + . .        o - +2 dagger (drain)
rCold   x . .        (no shield)
rNeg    . . .        i - +5 ring mail "Jawkon" {Fly Int-4 Dex+5}
rPois   .            d - +0 helmet
rElec   .            r - +0 cloak {rCorr}
rCorr   +            f - +0 pair of gloves
SInv    .            (no boots)
Will    .....        k - amulet of the acrobat
Stlth   +            p - ring of fire
HPRegen 1.24/turn    (no ring)
MPRegen 0.43/turn

%: acrobat
@: lethally poisoned (-1 -> -1), flying
A: fangs 1, strong nose, distributed training
a: Renounce Religion


You were on level 5 of the Dungeon.
You worshipped Jiyva.
Jiyva was pleased with you.
You visited 1 branch of the dungeon, and saw 5 of its levels.

You collected 202 gold pieces.
You spent 165 gold pieces at shops.

Inventory:

Hand Weapons
 a - a +2 mace
 e - a +0 hand axe
 o - a +2 dagger of draining (weapon)
Missiles
 n - 13 poisoned darts (quivered)
Armour
 d - a +0 helmet (worn)
 f - a +0 pair of gloves (worn)
 i - the +5 ring mail "Jawkon" (worn) {Fly Int-4 Dex+5}
   (You found it on level 2 of the Dungeon)

   Int:       It affects your intelligence (-4).
   Dex:       It affects your dexterity (+5).
   Fly:       It grants you flight.
 q - a scarf of invisibility
 r - a +0 cloak of preservation (worn)
Jewellery
 k - an amulet of the acrobat (around neck)
 p - a ring of fire (left hand)
Wands
 b - a wand of polymorph (5)
 g - a wand of digging (7)
Scrolls
 c - a scroll of blinking
 h - a scroll of magic mapping
 m - 4 scrolls of identify
Potions
 j - a potion of heal wounds {unknown}
 l - a potion of brilliance {unknown}


   Skills:
 + Level 2.6 Fighting
 + Level 2.6 Short Blades
 + Level 2.6 Long Blades
 + Level 2.6 Axes
 + Level 9.0 Maces & Flails
 + Level 2.6 Polearms
 + Level 2.6 Staves
 + Level 2.6 Ranged Weapons
 + Level 2.6 Throwing
 + Level 2.6 Armour
 + Level 2.6 Dodging
 + Level 2.6 Stealth
 + Level 2.6 Shields
 + Level 2.6 Unarmed Combat
 + Level 3.9 Spellcasting
 + Level 2.1 Conjurations
 + Level 2.1 Hexes
 + Level 2.1 Summonings
 + Level 2.1 Necromancy
 + Level 2.1 Translocations
 + Level 2.1 Transmutations
 + Level 4.4 Fire Magic
 + Level 2.1 Ice Magic
 + Level 2.1 Air Magic
 + Level 2.1 Earth Magic
 + Level 2.1 Poison Magic
 + Level 2.9 Invocations
 + Level 7.1 Evocations


You had 12 spell levels left.
You knew the following spells:

 Your Spells              Type           Power      Damage    Failure   Level
a - Foxfire               Conj/Fire      40%        2x1d6     14%         1

Your spell library contained the following spells:

 Spells                   Type           Power      Damage    Failure   Level
 Sublimation of Blood     Necr           5%         N/A       32%         2
 Wereblood                Tmut           5%         N/A       32%         2
 Inner Flame              Hex/Fire       10%        N/A       38%         3
 Summon Hydra             Summ           2%         N/A       100%        7


Dungeon Overview and Level Annotations

Branches:
Dungeon (5/15)
 Temple: D:4-7

Altars:
Ru
Wu Jian
Jiyva

Shops:
D:3 [


Innate Abilities, Weirdness & Mutations

You have very sharp teeth.
Your uncanny sense of smell can sniff out nearby items.
Your experience applies equally to all skills.


Message History

You are poisoned.
The killer bee poisons you!
You closely miss the killer bee.
The killer bee is almost dead.
You feel sick. The killer bee barely misses you. The orc barely misses you.
The orc priest closely misses you. The killer bee barely misses you.
You miss the killer bee.
The killer bee is almost dead.
The killer bee stings you.
* * * LOW HITPOINT WARNING * * *
The orc hits you but does no damage. The orc priest misses you.
The killer bee stings you but does no damage.
You barely miss the killer bee.
The killer bee is almost dead.
You feel sick. The killer bee closely misses you.
The orc hits you but does no damage. The orc priest barely misses you.
The killer bee closely misses you.
You closely miss the killer bee.
The killer bee is almost dead.
You feel sick. The killer bee barely misses you.
The orc priest hits you with a +0 mace.
* * * LOW HITPOINT WARNING * * *
The orc hits you with a +0 hand axe.
* * * LOW HITPOINT WARNING * * *
You miss the killer bee.
The killer bee is almost dead.
You feel sick. The killer bee barely misses you. The killer bee stings you.
* * * LOW HITPOINT WARNING * * *
You are more poisoned.
The killer bee poisons you! The orc closely misses you.
The orc priest hits you but does no damage.
You closely miss the killer bee.
The killer bee is almost dead.
You feel sick. The killer bee misses you. The killer bee stings you.
* * * LOW HITPOINT WARNING * * *
You hit the killer bee.
You kill the killer bee!
The orc priest returns to its original shape as it dies.
You feel sick. The orc priest misses you. The orc hits you with a +0 hand axe.
You die...

. #######.### #
##.#.#.#.#.#.#
#............
##.#.#.#.#.#
#..........
+#.#.#.#.#.#.#
#..g@o<.......
##.#o#.#.#.#.#
#...o......
..............
..########......
#. ∆ ∆..)... #
.#.##. ..#


You could see an orc priest, a gnoll and 2 orcs.

Vanquished Creatures
  2 ogres (D:4)
  A bullfrog (D:3)
  A scorpion (D:4)
  A killer bee (D:5)
  A hound (D:4)
  A jelly (D:2)
  An orc priest (D:3)
  An iguana (D:3)
  7 adders
  7 gnolls (D:4)
  3 worms (D:3)
  5 dart slugs
  10 orcs
  4 endoplasms
  2 giant cockroaches
  7 goblins
  5 hobgoblins
  3 quokkas
  8 ball pythons
  4 bats
  4 frilled lizards
  7 kobolds
  3 rats
88 creatures vanquished.

Vanquished Creatures (others)
  A water moccasin (D:4)
  A jelly (D:4)
2 creatures vanquished.

Grand Total: 90 creatures vanquished

Notes
Turn   | Place    | Note
-------+----------+-------------------------------------------
     0 | D:1      | rumournova the Gnoll Wanderer began the quest for the Orb.
     0 | D:1      | rumournova set off with the following items: a +2 mace, a
                  | wand of polymorph (7), a scroll of blinking, a +0 leather
                  | armour; and the following spell memorised: Foxfire; and the
                  | following spells available to memorise: Inner Flame.
     0 | D:1      | Reached XP level 1. HP: 13/13 MP: 4/4
     2 | D:1      | Noticed a gargoyle
     2 | D:1      | Noticed a spriggan
     4 | D:1      | Noticed a naga
     4 | D:1      | Noticed a vampire
     6 | D:1      | Noticed an ogre
     8 | D:1      | Noticed a draconian
     8 | D:1      | Noticed an octopode
    10 | D:1      | Noticed an armataur
    12 | D:1      | Noticed a felid
    12 | D:1      | Noticed a meteoran
    14 | D:1      | Noticed a troll
    16 | D:1      | Noticed a demigod
    16 | D:1      | Noticed a human
    18 | D:1      | Noticed a minotaur
    18 | D:1      | Noticed a tengu
    20 | D:1      | Noticed a merfolk
    20 | D:1      | Noticed a formicid
    22 | D:1      | Noticed a ghoul
    22 | D:1      | Noticed a demonspawn
    24 | D:1      | Noticed a troll
    24 | D:1      | Noticed a vine stalker
    26 | D:1      | Noticed an armataur
    26 | D:1      | Noticed a naga
   303 | D:1      | Reached XP level 2. HP: 20/20 MP: 5/5
   867 | D:2      | Reached XP level 3. HP: 24/25 MP: 7/7
   940 | D:2      | Reached skill level 1 in Invocations
   986 | D:2      | Reached skill level 1 in Fighting
   986 | D:2      | Reached skill level 1 in Short Blades
   986 | D:2      | Reached skill level 1 in Long Blades
   986 | D:2      | Reached skill level 1 in Axes
   986 | D:2      | Reached skill level 1 in Polearms
   986 | D:2      | Reached skill level 1 in Staves
   986 | D:2      | Reached skill level 1 in Ranged Weapons
   986 | D:2      | Reached skill level 1 in Throwing
   986 | D:2      | Reached skill level 1 in Armour
   986 | D:2      | Reached skill level 1 in Dodging
   986 | D:2      | Reached skill level 1 in Stealth
   986 | D:2      | Reached skill level 1 in Shields
   986 | D:2      | Reached skill level 1 in Unarmed Combat
  1086 | D:2      | Reached XP level 4. HP: 22/32 MP: 8/8
  1295 | D:2      | Identified the +5 ring mail "Jawkon" {Fly Int-4 Dex+5}
  1317 | D:2      | Reached skill level 1 in Conjurations
  1317 | D:2      | Reached skill level 1 in Hexes
  1317 | D:2      | Reached skill level 1 in Summonings
  1317 | D:2      | Reached skill level 1 in Necromancy
  1317 | D:2      | Reached skill level 1 in Translocations
  1317 | D:2      | Reached skill level 1 in Transmutations
  1317 | D:2      | Reached skill level 1 in Ice Magic
  1317 | D:2      | Reached skill level 1 in Air Magic
  1317 | D:2      | Reached skill level 1 in Earth Magic
  1317 | D:2      | Reached skill level 1 in Poison Magic
  1775 | D:3      | Reached XP level 5. HP: 22/37 MP: 9/9
  1776 | D:3      | Noticed a water moccasin
  1838 | D:3      | a water moccasin changed into a bullfrog
  1857 | D:3      | Found a sacrificial altar of Ru.
  2030 | D:3      | Reached XP level 6. HP: 44/44 MP: 11/11
  2182 | D:3      | Found Guitefa's Armour Boutique.
  2420 | D:3      | Found a faded altar of an unknown god.
  2442 | D:3      | Prayed at the altar of an unknown god.
  2442 | D:3      | Became a worshipper of Jiyva Jelugaf the Shapeless
  2442 | D:3      | Reached * piety under Jiyva
  2609 | D:3      | Found Buler's Antique Armour Emporium.
  2614 | D:3      | Bought an embroidered cloak for 165 gold pieces
  2939 | D:4      | Reached XP level 7. HP: 51/51 MP: 12/12
  3055 | D:4      | Reached ** piety under Jiyva
  3171 | D:4      | Reached skill level 9 in Maces & Flails
  3200 | D:4      | Found an ornate altar of the Wu Jian Council.
  3509 | D:5      | Entered Level 5 of the Dungeon
  3535 | D:5      | HP: 2/51 [killer bee (2)]
  3536 | D:5      | Slain by an orc

Illustrated notes

Levels and vault maps discovered:
D:1:      kb_arrival_jail, layout_loops_ring
D:2:      layout_loops_ring, nrook_loot_triangle
D:3:      layout_loops_ring, old_standard_altar, ebering_ecumenical_altar_hall,
          serial_shops, shop, nicolae_shop_peninsula
D:4:      layout_basic, pdpol_wu_jian_five_deadly_venoms
D:5:      layout_basic, worldfamousw_hep_ancestral_shrine,
          chequers_temple_overflow_minitemple, gup_sewer_entry_bubbles,
          serial_shops, kennysheep_mini_moat, hex_large, st_stairs_12,
          due_unseen_surprise

Skill      XL: |  1  2  3  4  5  6  7 |
---------------+----------------------+-----
Invocations    | 1 2 |  2.9
Fighting       | 1 2 |  2.6
Short Blades   | 1 2 |  2.6
Long Blades    | 1 2 |  2.6
Axes           | 1 2 |  2.6
Polearms       | 1 2 |  2.6
Staves         | 1 2 |  2.6
Ranged Weapons | 1 2 |  2.6
Throwing       | 1 2 |  2.6
Armour         | 1 2 |  2.6
Dodging        | 1 2 |  2.6
Stealth        | 1 2 |  2.6
Shields        | 1 2 |  2.6
Unarmed Combat | 1 2 |  2.6
Spellcasting   | 3 |  3.9
Conjurations   | 1 2 |  2.1
Hexes          | 1 2 |  2.1
Summonings     | 1 2 |  2.1
Necromancy     | 1 2 |  2.1
Translocations | 1 2 |  2.1
Transmutations | 1 2 |  2.1
Ice Magic      | 1 2 |  2.1
Air Magic      | 1 2 |  2.1
Earth Magic    | 1 2 |  2.1
Poison Magic   | 1 2 |  2.1
Fire Magic     | 4 |  4.4
Evocations     | 7 |  7.1
Maces & Flails | 9 |  9.0

Action                     |  1- 3 |  4- 6 |  7- 9 || total
---------------------------+-------+-------+-------++-------
  Melee: Mace              |    58 |    71 |       ||   129
         Hand axe          |    44 |       |       ||    44
         Bite              |     7 |    17 |     3 ||    27
         Punch             |     2 |     3 |     1 ||     6
         Dagger            |       |   119 |    73 ||   192
  Evoke: Wand              |       |     1 |     1 ||     2
    Use: Scroll            |     2 |     5 |       ||     7
 Armour: Leather armour    |     6 |       |       ||     6
         Ring mail         |    35 |    81 |    48 ||   164
  Dodge: Dodged            |    42 |   116 |    69 ||   227
